 Dungeon Crawl Stone Soup version 0.30.0-21-gd299b56b3f (webtiles) character file.

Game seed: 6610629458296048680

6141 qw the Cleaver (level 10, -4/64 HPs)
             Began as a Gargoyle Fighter on June 2, 2023.
             Was a Believer of Okawaru.
             Slain by a vampire (8 damage)
             ... on level 9 of the Dungeon.
             The game lasted 00:04:31 (8673 turns).

qw the Cleaver (Gargoyle Fighter)                   Turns: 8673, Time: 00:04:31

Health: -4/64      AC: 25    Str: 24    XL:     10   Next: 90%
Magic:  12/13      EV:  8    Int:  9    God:    Okawaru [**....]
Gold:   384        SH:  0    Dex:  9    Spells: 9/9 levels left

rFire   . . .        Y - +1 war axe (drain)
rCold   . . .        g - +0 kite shield
rNeg    + . .        f - +0 plate armour
rPois   inf          (no helmet)
rElec   +            (no cloak)
rCorr   +            (no gloves)
SInv    .            i - +2 pair of boots
Will    .....        (no amulet) Stlth
                     m - ring of resist corrosion
HPRegen 0.30/turn    (no ring)
MPRegen 0.13/turn

%: no passive effects
@: confused, heroic
A: sickness immunity, AC +7, negative energy resistance 1, electricity
resistance, torment resistance 1, petrification resistance
a: Renounce Religion, Heroism


You were on level 9 of the Dungeon.
You worshipped Okawaru.
Okawaru was pleased with you.
You visited 2 branches of the dungeon, and saw 10 of its levels.

You collected 384 gold pieces.


Innate Abilities, Weirdness & Mutations

You are immune to sickness and miasma.
Your stone body is resilient. (AC +7)
You are immune to poison.
You resist negative energy. (rN+)
You are resistant to electric shocks. (rElec)
You are resistant to unholy torment.
You are immune to petrification.


   Skills:
 + Level 7.6(12.6) Fighting
 - Level 10.0(15.0) Axes
 - Level 1.7(6.7) Throwing
 - Level 6.2(11.2) Armour
 - Level 1.3(6.3) Dodging
 - Level 9.0(14.0) Shields
 - Level 4.1 Invocations


You had 9 spell levels left.
You didn't know any spells.
Your spell library was empty.

Inventory:

Hand Weapons
 b - the +10 whip of Disintegration {flame, rF+}
   (You found it on level 5 of the Dungeon)

   rF:        It protects you from fire.
 j - a +0 flail of protection
 Y - a +1 war axe of draining (weapon)
Missiles
 e - 3 boomerangs (quivered)
Armour
 f - a +0 plate armour (worn)
 g - a +0 kite shield (worn)
 i - a +2 pair of boots (worn)
Jewellery
 k - a ring of positive energy
 m - a ring of resist corrosion (left hand)
 p - a +5 ring of evasion
Scrolls
 c - a scroll of identify
 l - 2 scrolls of teleportation
Potions
 a - a potion of mutation
 d - 3 potions of might
 h - a potion of resistance
 n - a potion of attraction {unknown}
 o - 2 potions of haste
 s - a potion of degeneration {unknown}

Dungeon Overview and Level Annotations

Branches:
Dungeon (9/15)             Temple (1/1) D:5            Lair (0/5) D:9
    Orc: D:9-12

Altars:
Ashenzari
Cheibriados
Dithmenos
Elyvilon
Fedhas
Gozag
Hepliaklqana
Kikubaaqudgha
Makhleb
Nemelex Xobeh
Okawaru
Qazlal
Ru
Sif Muna
Trog
Uskayaw
Vehumet
Wu Jian
Xom
Yredelemnul
Zin
The Shining One

Annotations:
D:7 2 transporters, qw's ghost, novice GrFi


Message History

The killer bee stings you but does no damage.
The killer bee barely misses you. Something hits you. Something bites you.
The killer bee stings you but does no damage. x4
Something hits you but does no damage. Something bites you!
The killer bee stings you but does no damage. x4
Something hits you but does no damage. Something bites you but does no damage.
The killer bee misses you. The killer bee barely misses you.
The killer bee stings you but does no damage.
The killer bee closely misses you. Something hits you. Something bites you!
The killer bee stings you but does no damage.
The killer bee barely misses you.
The killer bee stings you but does no damage. x2
Something hits you but does no damage. Something bites you but does no damage.
The killer bee closely misses you.
The killer bee stings you but does no damage. x2
The killer bee completely misses you.
You hear some strange, mumbled words.
You are more confused.
The killer bee closely misses you.
The killer bee stings you but does no damage.
The killer bee closely misses you.
The killer bee stings you but does no damage.
Something completely misses you. Something bites you.
The killer bee closely misses you.
The killer bee stings you but does no damage.
The killer bee stings you. The killer bee completely misses you.
Something hits you. Something bites you but does no damage.
The killer bee stings you but does no damage.
The killer bee barely misses you.
The killer bee stings you but does no damage. x2
Something hits you. Something bites you! The killer bee completely misses you.
The killer bee stings you but does no damage.
The killer bee closely misses you.
The killer bee stings you but does no damage.
Something hits you but does no damage. Something bites you but does no damage.
The killer bee closely misses you.
The killer bee stings you but does no damage. x3
Something hits you but does no damage. Something bites you!
You die...

#..# #.#
#.# #..#
#.# #.#
#..# #.#
#.# #..#
#.# #.#
#..# #.#
#.# #..#
#.# #.#
#..# #.#
#)# . #..#
#.#####....
#..#
#.>@yy.....
#..#
#.){yy.....
#..#
#.#####....
#..# #.#
... #..#
#.# . #..#
#.# #..#
#.# #..#
#.# #..#


You could see a hornet and 3 killer bees.

Vanquished Creatures
  A troll (D:9)
  2 wyverns (D:9)
  6 yaks (D:9)
  A basilisk (D:9)
  2 steam dragons
  Menkaure (D:7)
  6 water moccasins
  An orc warrior (D:8)
  5 ice beasts
  4 wolves (D:9)
  3 ogres
  2 centaurs (D:9)
  5 phantoms
  A kobold brigand (D:7)
  2 bullfrogs
  3 scorpions
  8 wights
  5 killer bees
  3 electric eels
  5 orc priests
  A centaur zombie (D:5)
  A jelly (D:4)
  2 hounds
  A bullfrog skeleton (D:5)
  A sleepcap (D:2)
  An iguana (D:7)
  11 orc wizards
  A killer bee zombie (D:5)
  A hound skeleton (D:5)
  5 adders
  2 white imps (D:5)
  2 ufetubi
  An adder zombie (D:5)
  A worm (D:3)
  2 dart slugs
  34 orcs
  8 endoplasms
  2 giant cockroaches
  6 goblins
  8 hobgoblins
  4 jackals (D:4)
  12 kobolds
  3 quokkas
  9 ball pythons
  7 bats
  2 frilled lizards
  6 rats
200 creatures vanquished.

Vanquished Creatures (others)
  An orc wizard (D:8)
1 creature vanquished.

Grand Total: 201 creatures vanquished

Notes
Turn   | Place    | Note
-------+----------+-------------------------------------------
     0 | D:1      | qw the Gargoyle Fighter began the quest for the Orb.
     0 | D:1      | Reached XP level 1. HP: 14/14 MP: 1/1
     0 | D:1      | 0 ||| qw: Version: 0.2-a-102-gdf20003
     0 | D:1      | 0 ||| qw: Game counter: 860
     0 | D:1      | 0 ||| qw: Always use a shield: true
     0 | D:1      | 0 ||| qw: God list: Okawaru
     0 | D:1      | 0 ||| qw: Allow faded altars: false
     0 | D:1      | 0 ||| qw: Do Orc after D:15 true
     0 | D:1      | 0 ||| qw: Do second Lair branch before Depths: true
     0 | D:1      | 0 ||| qw: Lair rune preference: random
     0 | D:1      | 0 ||| qw: Plans: Normal, Zot:1-4, Slime:5, God:TSO, Crypt,
                  | Tomb, Pan, Hells, Abyss, Win
     0 | D:1      | 0 ||| PLANNING D:1-11
    16 | D:1      | Reached skill level 2 in Axes
    78 | D:1      | Reached XP level 2. HP: 19/19 MP: 2/2
    97 | D:1      | 97 ||| DROPPING +0 club.
   326 | D:1      | 326 ||| Stepping ~*~*~tactically~*~*~ (hiding).
   327 | D:1      | 327 ||| Stepping ~*~*~tactically~*~*~ (hiding).
   332 | D:1      | 332 ||| Stepping ~*~*~tactically~*~*~ (stealth).
   464 | D:1      | 464 ||| Stepping ~*~*~tactically~*~*~ (stealth).
   770 | D:1      | Reached skill level 3 in Axes
  1062 | D:1      | 1062 ||| UPGRADING to +0 kite shield.
  1072 | D:1      | 1072 ||| DROPPING +0 buckler.
  1073 | D:1      | 1073 ||| READING scroll labelled ZYXOZU PEDA.
  1074 | D:1      | 1074 ||| READING scroll labelled HITSUL GINK.
  1075 | D:1      | 1075 ||| READING scroll labelled OVIMUE ASAA.
  1126 | D:2      | Reached XP level 3. HP: 23/23 MP: 3/3
  1391 | D:2      | Reached XP level 4. HP: 28/28 MP: 4/4
  1644 | D:2      | 1644 ||| Stepping ~*~*~tactically~*~*~ (hiding).
  1804 | D:2      | 1804 ||| READING scroll labelled BESANA SIM.
  1905 | D:2      | 1905 ||| READING scroll labelled BIKKIM TOQEL.
  1906 | D:2      | 1906 ||| DRINKING 2 clear potions.
  1981 | D:3      | 1981 ||| Stepping ~*~*~tactically~*~*~ (stealth).
  1988 | D:3      | 1988 ||| FLEEEEING.
  1993 | D:3      | 1993 ||| FLEEEEING.
  1998 | D:3      | 1998 ||| FLEEEEING.
  2000 | D:3      | 2000 ||| FLEEEEING.
  2001 | D:3      | 2001 ||| FLEEEEING.
  2002 | D:3      | 2002 ||| FLEEEEING.
  2008 | D:3      | 2008 ||| FLEEEEING.
  2009 | D:3      | 2009 ||| STAIRDANCE
  2018 | D:2      | 2018 ||| READING 2 scrolls of identify.
  2018 | D:2      | 2018 ||| IDENTIFYING murky golden potion
  2171 | D:3      | HP: 6/28 [orc priest/divine providence (9)]
  2172 | D:3      | 2172 ||| DRINKING potion of heal wounds.
  2281 | D:3      | Reached skill level 4 in Axes
  2281 | D:3      | Reached XP level 5. HP: 32/32 MP: 5/5
  2314 | D:3      | 2314 ||| Stepping ~*~*~tactically~*~*~ (stealth).
  2317 | D:3      | 2317 ||| DRINKING 2 potions of curing.
  2317 | D:3      | 2317 ||| (to cure confusion)
  2396 | D:3      | 2396 ||| Stepping ~*~*~tactically~*~*~ (stealth).
  2481 | D:3      | 2481 ||| Stepping ~*~*~tactically~*~*~ (hiding).
  2491 | D:3      | HP: 8/32 [orc priest/divine providence (14)]
  2492 | D:3      | 2492 ||| DRINKING potion of heal wounds.
  2495 | D:3      | Reached XP level 6. HP: 37/37 MP: 6/6
  2616 | D:3      | 2616 ||| UPGRADING to +0 pair of boots.
  2621 | D:3      | 2621 ||| READING 2 scrolls labelled ASORUEN VAMURR.
  2622 | D:3      | 2622 ||| READING scroll labelled JONLAES KOOCIT.
  2625 | D:3      | 2625 ||| READING scroll labelled ALIAPT WUNA.
  2626 | D:3      | 2626 ||| DROPPING scroll of magic mapping.
  2664 | D:4      | 2664 ||| DRINKING potion of curing.
  2664 | D:4      | 2664 ||| (to cure confusion)
  2784 | D:4      | Reached skill level 5 in Axes
  2813 | D:4      | 2813 ||| Stepping ~*~*~tactically~*~*~ (hiding).
  2814 | D:4      | 2814 ||| Stepping ~*~*~tactically~*~*~ (hiding).
  2969 | D:4      | 2969 ||| Stepping ~*~*~tactically~*~*~ (stealth).
  2970 | D:4      | 2970 ||| Stepping ~*~*~tactically~*~*~ (stealth).
  3006 | D:4      | 3006 ||| FLEEEEING.
  3007 | D:4      | 3007 ||| FLEEEEING.
  3008 | D:4      | 3008 ||| FLEEEEING.
  3009 | D:4      | 3009 ||| FLEEEEING.
  3012 | D:4      | 3012 ||| FLEEEEING.
  3013 | D:4      | 3013 ||| FLEEEEING.
  3014 | D:4      | 3014 ||| FLEEEEING.
  3015 | D:4      | 3015 ||| FLEEEEING.
  3016 | D:4      | 3016 ||| FLEEEEING.
  3017 | D:4      | 3017 ||| FLEEEEING.
  3018 | D:4      | 3018 ||| FLEEEEING.
  3019 | D:4      | 3019 ||| FLEEEEING.
  3020 | D:4      | 3020 ||| FLEEEEING.
  3021 | D:4      | 3021 ||| FLEEEEING.
  3025 | D:4      | 3025 ||| FLEEEEING.
  3026 | D:4      | 3026 ||| FLEEEEING.
  3027 | D:4      | 3027 ||| FLEEEEING.
  3113 | D:4      | Found a bloodstained altar of Trog.
  3140 | D:4      | Reached skill level 1 in Dodging
  3140 | D:4      | Reached XP level 7. HP: 37/43 MP: 7/7
  3198 | D:4      | 3198 ||| DROPPING +0 whip.
  3205 | D:4      | 3205 ||| Stepping ~*~*~tactically~*~*~ (stealth).
  3249 | D:4      | 3249 ||| Stepping ~*~*~tactically~*~*~ (stealth).
  3306 | D:4      | 3306 ||| READING scroll of enchant armour.
  3306 | D:4      | 3306 ||| ENCHANTING +0 pair of boots.
  3529 | D:4      | 3529 ||| Stepping ~*~*~tactically~*~*~ (stealth).
  3530 | D:4      | 3530 ||| Stepping ~*~*~tactically~*~*~ (stealth).
  3819 | D:4      | 3819 ||| UPGRADING to +0 chain mail.
  3829 | D:4      | 3829 ||| DROPPING +0 scale mail.
  3830 | D:4      | 3830 ||| READING scroll labelled LAULAR GUSHARPH.
  3831 | D:4      | 3831 ||| DRINKING 2 murky grey potions.
  3870 | D:5      | Entered Level 5 of the Dungeon
  3875 | D:5      | 3875 ||| Stepping ~*~*~tactically~*~*~ (hiding).
  3936 | D:5      | 3936 ||| Stepping ~*~*~tactically~*~*~ (stealth).
  3938 | D:5      | 3938 ||| Stepping ~*~*~tactically~*~*~ (stealth).
  3945 | D:5      | Reached skill level 6 in Axes
  3961 | D:5      | Reached skill level 6 in Shields
  3964 | D:5      | Reached XP level 8. HP: 16/48 MP: 8/8
  3965 | D:5      | HP: 9/48 [phantom (6)]
  3966 | D:5      | 3966 ||| READING 3 scrolls of teleportation.
  4121 | D:5      | Found a glowing golden altar of the Shining One.
  4147 | D:5      | Identified the +10 whip of Disintegration {flame, rF+}
  4149 | D:5      | 4149 ||| DROPPING +0 flail.
  4150 | D:5      | Found a staircase to the Ecumenical Temple.
  4151 | D:5      | 4151 ||| PLANNING TEMPLE
  4151 | D:5      | 4151 ||| DRINKING 3 bubbling inky potions.
  4160 | Temple   | Entered the Ecumenical Temple
  4191 | Temple   | 4191 ||| PLANNING OKAWARU WORSHIP
  4254 | Temple   | Became a worshipper of Warmaster Okawaru
  4254 | Temple   | 4254 ||| PLANNING D:1-11
  4302 | D:5      | Identified the +1 spear of Atzad {drain, Will- Str+6 Int+5}
  4330 | D:5      | 4330 ||| Stepping ~*~*~tactically~*~*~ (hiding).
  4475 | D:5      | 4475 ||| READING scroll of enchant armour.
  4475 | D:5      | 4475 ||| ENCHANTING +1 pair of boots.
  4663 | D:5      | Found a stormy altar of Qazlal.
  4705 | D:5      | Reached skill level 7 in Axes
  4803 | D:5      | 4803 ||| READING 2 scrolls of identify.
  4803 | D:5      | 4803 ||| IDENTIFYING bubbling blue potion
  4804 | D:5      | 4804 ||| DROPPING potion of berserk rage.
  4814 | D:6      | 4814 ||| STAIRDANCE
  4818 | D:6      | 4818 ||| STAIRDANCE
  4822 | D:6      | 4822 ||| STAIRDANCE
  4826 | D:6      | 4826 ||| STAIRDANCE
  4830 | D:6      | 4830 ||| STAIRDANCE
  4834 | D:6      | 4834 ||| STAIRDANCE
  4838 | D:6      | 4838 ||| STAIRDANCE
  4842 | D:6      | 4842 ||| STAIRDANCE
  4846 | D:6      | 4846 ||| STAIRDANCE
  4850 | D:6      | 4850 ||| STAIRDANCE
  4854 | D:6      | 4854 ||| STAIRDANCE
  4858 | D:6      | 4858 ||| STAIRDANCE
  4862 | D:6      | 4862 ||| STAIRDANCE
  4866 | D:6      | 4866 ||| STAIRDANCE
  4870 | D:6      | 4870 ||| STAIRDANCE
  4874 | D:6      | 4874 ||| STAIRDANCE
  4878 | D:6      | 4878 ||| STAIRDANCE
  4882 | D:6      | 4882 ||| STAIRDANCE
  4886 | D:6      | 4886 ||| STAIRDANCE
  4890 | D:6      | 4890 ||| STAIRDANCE
  5108 | D:6      | Found an ancient bone altar of Kikubaaqudgha.
  5302 | D:6      | Reached skill level 1 in Throwing
  5352 | D:6      | 5352 ||| Stepping ~*~*~tactically~*~*~ (stealth).
  5353 | D:6      | 5353 ||| Stepping ~*~*~tactically~*~*~ (stealth).
  5363 | D:6      | Reached * piety under Okawaru
  5374 | D:6      | 5374 ||| UPGRADING to +0 plate armour.
  5384 | D:6      | 5384 ||| DROPPING +0 chain mail.
  5385 | D:6      | 5385 ||| READING scroll labelled WAHAINWIAME.
  5625 | D:6      | 5625 ||| READING scroll labelled YTSARY SIUHO.
  5703 | D:7      | Reached skill level 1 in Invocations
  5817 | D:7      | Reached XP level 9. HP: 54/54 MP: 10/10
  5826 | D:7      | 5826 ||| INVOKING Heroism.
  5844 | D:7      | 5844 ||| FLEEEEING.
  5845 | D:7      | 5845 ||| FLEEEEING.
  5846 | D:7      | 5846 ||| FLEEEEING.
  5847 | D:7      | 5847 ||| FLEEEEING.
  5848 | D:7      | 5848 ||| FLEEEEING.
  5849 | D:7      | 5849 ||| FLEEEEING.
  5850 | D:7      | 5850 ||| FLEEEEING.
  5851 | D:7      | 5851 ||| FLEEEEING.
  5852 | D:7      | 5852 ||| FLEEEEING.
  5853 | D:7      | 5853 ||| FLEEEEING.
  5854 | D:7      | 5854 ||| FLEEEEING.
  5855 | D:7      | 5855 ||| FLEEEEING.
  5856 | D:7      | 5856 ||| STAIRDANCE
  5908 | D:7      | Reached skill level 3 in Invocations
  5925 | D:7      | Noticed Menkaure
  5926 | D:7      | 5926 ||| INVOKING Heroism.
  5931 | D:7      | Killed Menkaure
  6010 | D:7      | Found a shadowy altar of Dithmenos.
  6082 | D:7      | Found a transporter.
  6098 | D:7      | Noticed qw's ghost (novice GrFi)
  6109 | D:7      | Found a transporter.
  6119 | D:7      | 6119 ||| Stepping ~*~*~tactically~*~*~ (hiding).
  6121 | D:7      | 6121 ||| Stepping ~*~*~tactically~*~*~ (hiding).
  6147 | D:7      | Reached skill level 8 in Axes
  6200 | D:7      | 6200 ||| INVOKING Heroism.
  6309 | D:7      | 6309 ||| INVOKING Heroism.
  6310 | D:7      | 6310 ||| Stepping ~*~*~tactically~*~*~ (cloud).
  6311 | D:7      | 6311 ||| Stepping ~*~*~tactically~*~*~ (hiding).
  6320 | D:7      | Reached skill level 6 in Fighting
  6375 | D:7      | Found a hazy altar of Hepliaklqana.
  6399 | D:7      | Found the +2 hat of the Bear Spirit {Spirit, Bear, *Rage
                  | Will++}
  6672 | D:7      | 6672 ||| INVOKING Heroism.
  6713 | D:7      | 6713 ||| Stepping ~*~*~tactically~*~*~ (stealth).
  6715 | D:7      | 6715 ||| INVOKING Heroism.
  6811 | D:7      | 6811 ||| FLEEEEING.
  6812 | D:7      | 6812 ||| FLEEEEING.
  7097 | D:8      | 7097 ||| INVOKING Heroism.
  7178 | D:8      | 7178 ||| INVOKING Heroism.
  7182 | D:8      | 7182 ||| DRINKING potion of curing.
  7182 | D:8      | 7182 ||| (to cure confusion)
  7185 | D:8      | 7185 ||| Stepping ~*~*~tactically~*~*~ (stealth).
  7500 | D:8      | 7500 ||| INVOKING Heroism.
  7565 | D:8      | 7565 ||| Stepping ~*~*~tactically~*~*~ (stealth).
  7851 | D:8      | 7851 ||| INVOKING Heroism.
  7859 | D:8      | Reached XP level 10. HP: 60/60 MP: 11/13
  8044 | D:8      | 8044 ||| UPGRADING to ring of resist corrosion.
  8045 | D:8      | 8045 ||| READING scroll labelled GEINIT TILAGIWUA.
  8046 | D:8      | 8046 ||| READING scroll labelled KIWOPPAIQU.
  8047 | D:8      | 8047 ||| READING 3 scrolls of identify.
  8047 | D:8      | 8047 ||| IDENTIFYING golden potion
  8048 | D:8      | 8048 ||| READING 2 scrolls of identify.
  8048 | D:8      | 8048 ||| IDENTIFYING bubbling black potion
  8049 | D:8      | 8049 ||| DROPPING potion of flight.
  8071 | D:9      | 8071 ||| INVOKING Heroism.
  8080 | D:9      | Reached skill level 9 in Axes
  8090 | D:9      | HP: 9/63 [wolf (7)]
  8091 | D:9      | Reached skill level 9 in Shields
  8091 | D:9      | 8091 ||| READING 3 scrolls of teleportation.
  8093 | D:9      | 8093 ||| INVOKING Heroism.
  8155 | D:9      | 8155 ||| INVOKING Heroism.
  8274 | D:9      | Found a basalt altar of Yredelemnul.
  8282 | D:9      | Found a sacrificial altar of Ru.
  8349 | D:9      | Reached skill level 6 in Armour
  8352 | D:9      | Reached ** piety under Okawaru
  8366 | D:9      | 8366 ||| INVOKING Heroism.
  8468 | D:9      | Identified the +8 dagger "Boinidua" {freeze, SInv}
  8483 | D:9      | Found a staircase to the Lair.
  8553 | D:9      | 8553 ||| Stepping ~*~*~tactically~*~*~ (stealth).
  8587 | D:9      | 8587 ||| Stepping ~*~*~tactically~*~*~ (hiding).
  8626 | D:9      | Reached skill level 10 in Axes
  8630 | D:9      | 8630 ||| Stepping ~*~*~tactically~*~*~ (stealth).
  8651 | D:9      | 8651 ||| DRINKING 2 potions of curing.
  8651 | D:9      | 8651 ||| (to cure confusion)
  8653 | D:9      | 8653 ||| DRINKING potion of curing.
  8653 | D:9      | 8653 ||| (to cure confusion)
  8660 | D:9      | 8660 ||| INVOKING Heroism.
  8670 | D:9      | HP: 16/64 [something (1)]
  8671 | D:9      | HP: 4/64 [something (7)]
  8673 | D:9      | Slain by a vampire

Levels and vault maps discovered:
D:1:      spicycebolla_arrival_xxxplode, layout_loops_corners,
          minmay_tetromino_i2
D:2:      layout_basic
D:3:      layout_rooms, chequers_serial_rivers_micro_c, grunt_ministairs_14,
          chequers_serial_rivers_micro_b
D:4:      minmay_door_path, layout_basic, trog_three_pillars_becter,
          minmay_a_box_with_orc_wizards_in_it
D:5:      layout_basic, mainiacjoe_overflow_alcove_1,
          nicolae_overflow_hidden_temple, minmay_temple_entry_slanted,
          serial_undead, serial_undead_b, serial_undead_d, serial_undead_c,
          serial_undead_b
D:6:      layout_loops_ring, overflow_temple_1_default
D:7:      layout_basic, mainiacjoe_overflow_small_starburst,
          nzn_hepliaklqana_mist_gate, gammafunk_ghost_stat_death,
          minmay_crystal_water, water_boxes_lemuel, uniq_menkaure
D:8:      layout_basic
D:9:      layout_long_grid, mainiacjoe_overflow_large_starburst,
          minmay_lair_entry_grove
Temple:   compressed_dpeg_circular_temple

Skill      XL: |  1  2  3  4  5  6  7  8  9 10 |
---------------+-------------------------------+-----
Axes           | 2 3 4 5 6 7 8 10 | 10.0
Shields        | 4 5 6 7 8 9 |  9.0
Fighting       | 4 5 6 7 |  7.6
Dodging        | 1 |  1.3
Throwing       | 1 |  1.7
Invocations    | 2 4 |  4.1
Armour         | 4 5 6 |  6.2

Action                     |  1- 3 |  4- 6 |  7- 9 | 10-12 || total
---------------------------+-------+-------+-------+-------++-------
  Melee: War axe           |   102 |   176 |   367 |   101 ||   746
  Throw: Boomerang         |       |    12 |    59 |    10 ||    81
 Invoke: Heroism           |       |       |    10 |     5 ||    15
    Use: Scroll            |     3 |     6 |     7 |     5 ||    21
         Potion            |       |     5 |     3 |     2 ||    10
 Armour: Scale mail        |    48 |    94 |    12 |       ||   154
         Chain mail        |       |       |   100 |       ||   100
         Plate armour      |       |       |   180 |   149 ||   329
  Dodge: Dodged            |    43 |    44 |   130 |    73 ||   290
  Block: Buckler           |    12 |       |       |       ||    12
         Kite shield       |    14 |    67 |   189 |    96 ||   366

Table legend:
 A = Non-vault XP
 B = Vault XP
 C = Vault XP percentage of total XP
 D = Non-vault monster count
 E = Vault monster count
 F = Vault count percentage of total count
                 A         B        C        D         E       F
            +---------+---------+-------+---------+---------+-------
      Total |    6304 |    2469 |  28.1 |     168 |      33 |  16.4
            +---------+---------+-------+---------+---------+-------
        D:1 |      29 |       4 |  12.1 |      18 |       2 |  10.0
        D:2 |      65 |       0 |   0.0 |      18 |       0 |   0.0
        D:3 |     176 |      54 |  23.5 |      23 |       5 |  17.9
        D:4 |     387 |     123 |  24.1 |      26 |       6 |  18.8
        D:5 |     411 |     344 |  45.6 |       8 |       7 |  46.7
        D:6 |     538 |       0 |   0.0 |       9 |       0 |   0.0
        D:7 |    1301 |     183 |  12.3 |      22 |       1 |   4.3
        D:8 |    1076 |       0 |   0.0 |      25 |       0 |   0.0
        D:9 |    2321 |    1761 |  43.1 |      19 |      12 |  38.7
            +---------+---------+-------+---------+---------+-------
